 Dungeon Crawl Stone Soup version 0.14-a0-2019-gd9bc7f0 (webtiles) character file.

310 Moksha the Jinx (level 5, -1/35 HPs)
             Began as a Vampire Enchanter on Jan 19, 2014.
             Slain by a worm (10 damage)
             ... on Level 4 of the Dungeon.
             The game lasted 00:48:27 (4544 turns).

Moksha the Jinx (Vampire Enchanter)                 Turns: 4544, Time: 00:48:28

HP  -1/35        AC  4     Str  8      XL: 5   Next: 52%
MP   2/9         EV 12     Int 17      God:
Gold 105         SH  0     Dex 14      Spells:  3 memorised,  2 levels left

rFire  . . .     SeeInvis +     a - +1 dagger
rCold  + . .     Clarity  .     b - +1 robe
rNeg   + + .     Conserve .     (no shield)
rPois  +         rCorr    .     h - +0 helmet
rElec  .         rRot     +     (no cloak)
SustAb . .       Spirit   .     (no gloves)
rMut   .         Warding  .     (no boots)
Saprov . . .     Stasis   .     (no amulet)
MR     .....                    (no ring)
                                (no ring)

@: regenerating slowly, not resistant to hostile enchantments, stealthy
A: fangs 3, see invisible, unbreathing
a: Bat Form


You were on level 4 of the Dungeon.
You were very thirsty.

You visited 1 branch of the dungeon, and saw 4 of its levels.

You collected 105 gold pieces.

Inventory:

Hand weapons
 a - a +1,+1 dagger (weapon)
 l - a +0,+0 dagger
 q - a +1,+2 short sword
 s - a +0,+0 dagger
 v - a +0,+0 orcish dagger
 z - a +2,+1 elven dagger of holy wrath
 E - a +1,+2 elven short sword of protection
Missiles
 d - 39 darts (quivered)
 p - 3 darts of flame
 t - 4 darts of frost
Armour
 b - a +1 robe (worn)
 h - a +0 helmet (worn)
 A - a +0 pair of gloves
 C - a +0 robe
 D - a +0 leather armour
Scrolls
 e - a scroll of recharging {unknown}
 f - 2 scrolls of enchant weapon I {unknown}
 j - a scroll of noise {unknown}
 n - a scroll of remove curse {unknown}
 o - a scroll of fog {unknown}
 u - 3 scrolls of identify {unknown}
 B - a scroll of curse weapon {unknown}
Jewellery
 r - a cursed ring of hunger {unknown}
 y - a +2 ring of evasion {unknown}
Potions
 g - a potion of lignification {unknown}
 i - a potion of agility {unknown}
 k - 2 potions of heal wounds {unknown}
 m - 2 potions of curing {unknown}
 w - a potion of invisibility {unknown}
 x - a potion of flight {unknown}
 F - a potion of speed {unknown}
Books
 c - a book of Maledictions

   Spells                             Type                      Level
   *Corona                            Hexes                        1
   Sure Blade                         Hexes/Charms                 2
   *Ensorcelled Hibernation           Hexes/Ice                    2
   *Confuse                           Hexes                        3
   Enslavement                        Hexes                        4
   Invisibility                       Hexes                        6


   Skills:
 - Level 1.1 Short Blades
 - Level 0.7 Throwing
 - Level 2.1 Dodging
 + Level 3.1 Stealth
 - Level 2.0 Spellcasting
 * Level 9.1 Hexes


You had 2 spell levels left.
You knew the following spells:

 Your Spells              Type           Power        Failure   Level  Hunger
a - Corona                Hex            ####...      1%          1    #......
b - Ensorcelled Hibernat  Hex/Ice        ###...       4%          2    ###....
c - Confuse               Hex            ####....     1%          3    ####...


Dungeon Overview and Level Annotations

Branches:
Dungeon (4/16)
 Temple: D:4-7

Altars:
Ashenzari
Jiyva

Portals:
Sewer: D:4

Annotations:
D:3 3 exclusions, Sigmund


Innate Abilities, Weirdness & Mutations

You heal slowly.
You have razor-sharp teeth.*
You have supernaturally acute eyesight.
You can survive without breathing.*


Message History

Casting: Ensorcelled Hibernation
Confirm with . or Enter, or press ? or * to list all spells.
Aiming: Ensorcelled Hibernation
Press: ? - help, Shift-Dir - straight line, f/p - worm
Aim: a worm (heavily wounded)
The worm resists with significant effort.
You hit the worm.
The worm is severely wounded.
The worm bites you.
* * * LOW HITPOINT WARNING * * *
You hit the worm but do no damage.
The worm is severely wounded.
You hit the worm but do no damage.
The worm is severely wounded.
The worm bites you.
* * * LOW HITPOINT WARNING * * *
You hit the worm.
The worm is severely wounded.
The worm bites you!
You die...

######### #.......# #.......#
#.......#
#.......#########################
#....###..%((((w@................
#.... ##############...#########
#.... ∩ #...#####...#########
#... #≈# #....................
### #≈# #...#####.....?..$... #≈#
#...# #.########### #≈#
#...#####.######### #
#≈#######...................
#≈#.....########.######### #


You could see a worm.

Vanquished Creatures
  A hound (D:4)
  7 adders
  3 worms
  A giant gecko (D:3)
  4 oozes (D:2)
  An orc (D:3)
  8 goblins
  7 hobgoblins
  10 jackals
  12 kobolds
  2 quokkas
  3 ball pythons
  12 bats
  3 giant cockroaches
  5 giant newts
  9 rats
88 creatures vanquished.

Notes
Turn   | Place    | Note
--------------------------------------------------------------
     0 | D:1      | Moksha, the Vampire Enchanter, began the quest for the Orb.
     0 | D:1      | Reached XP level 1. HP: 13/13 MP: 3/3
   381 | D:1      | Reached skill level 5 in Hexes
   519 | D:1      | Reached XP level 2. HP: 17/19 MP: 2/4
   623 | D:1      | Learned a level 2 spell: Ensorcelled Hibernation
  1358 | D:1      | Reached skill level 6 in Hexes
  1492 | D:1      | Reached XP level 3. HP: 20/24 MP: 4/6
  1499 | D:1      | Learned a level 3 spell: Confuse
  2385 | D:2      | Reached skill level 7 in Hexes
  2521 | D:2      | Found a viscous altar of Jiyva.
  2524 | D:2      | Reached XP level 4. HP: 30/30 MP: 4/7
  3035 | D:2      | Found a shattered altar of Ashenzari.
  3286 | D:3      | Reached skill level 8 in Hexes
  3384 | D:3      | Noticed Sigmund
  3626 | D:3      | Reached XP level 5. HP: 35/35 MP: 9/9
  4242 | D:4      | Reached skill level 9 in Hexes
  4383 | D:4      | Found a glowing drain.
  4544 | D:4      | Slain by a worm

Action                   |  1- 3 |  4- 6 || total
-------------------------+-------+-------++-------
Melee: Dagger            |    92 |   146 ||   238
Throw: Dart              |    48 |    69 ||   117
 Cast: Corona            |    32 |    25 ||    57
       Ensorcelled Hiber |    13 |    48 ||    61
       Confuse           |       |     1 ||     1
 Abil: End Transformatio |     2 |     1 ||     3
       Bat Form          |     2 |     1 ||     3
 Stab: Sleeping          |    14 |    32 ||    46
